 Dungeon Crawl Stone Soup version 0.26-b1-45-g23770d1d51 (webtiles) character file.

Game seed: 12336460227599173608

175 radhat240 the Skirmisher (level 5, 0/42 HPs)
             Began as a Demonspawn Chaos Knight on Jan 6, 2021.
             Was a Plaything of Xom.
             Slain by a jackal (2 damage)
             ... on level 3 of the Dungeon.
             The game lasted 00:12:46 (2514 turns).

radhat240 the Skirmisher (Demonspawn Chaos Knight)  Turns: 2514, Time: 00:12:48

Health: 0/42       AC:  6    Str: 13      XL:     5   Next: 29%
Magic:  5/5        EV: 12    Int: 12 (14) God:    Xom [.*....]
Gold:   129        SH:  0    Dex: 10 (12) Spells: 4/4 levels left

rFire    . . .     SeeInvis .   a - +1 spear (chaos)
rCold    . . .     Faith    .   (no shield)
rNeg     . . .     Spirit   .   b - +3 leather armour
rPois    .         Reflect  .   (no helmet)
rElec    .         Harm     .   (no cloak)
rCorr    .         Rampage  .   (no gloves)
Will     .....                  (no boots)
Stlth    +.........             (no amulet)
HPRegen  0.14/turn              (no ring)
MPRegen  0.09/turn              (no ring)

@: mighty, brilliant, lethally poisoned (0 -> -12)
A: claws 1, powered by death 1, miasma immunity
a: Renounce Religion


You were on level 3 of the Dungeon.
You worshipped Xom.
You were a plaything of Xom.
You visited 1 branch of the dungeon, and saw 4 of its levels.

You collected 129 gold pieces.

Inventory:

Hand Weapons
 a - a +1 spear of chaos (weapon)
Armour
 b - a +3 leather armour (worn)
Scrolls
 c - a scroll of enchant armour
 d - a scroll of fear
 g - 3 scrolls of remove curse
 j - a scroll of identify
Potions
 e - 4 potions of flight
 h - 2 potions of mutation {unknown}
 i - a potion of ambrosia {unknown}


   Skills:
 + Level 4.0 Fighting
 + Level 3.6 Polearms
 + Level 2.8 Armour
 + Level 2.3 Dodging


You had 4 spell levels left.
You didn't know any spells.
Your spell library was empty.

Dungeon Overview and Level Annotations

Branches:
Dungeon (4/15)
 Temple: D:4-7

Altars:


Innate Abilities, Weirdness & Mutations

You have sharp fingernails.
You regenerate a little health from kills.
You are immune to miasma.


Message History

You feel sick. "Hum-dee-hum-dee-hum..."
The ooze evaporates and reforms as an iguana!
The jackal bites you but does no damage.
The iguana closely misses you.
Your Fighting skill increases to level 4!
You closely miss the hound.
* * * LOW HITPOINT WARNING * * *
You feel sick. The hound closely misses you. The jackal bites you.
* * * LOW HITPOINT WARNING * * *
The jackal bites you.
* * * LOW HITPOINT WARNING * * *
The iguana closely misses you. The hound barely misses you.
You miss the jackal.
* * * LOW HITPOINT WARNING * * *
You feel sick.
The jackal bites you but does no damage. x2
The hound barely misses you. The jackal bites you.
You die...
Xom chuckles heartily!

######### ##### #.......#
#...# #.#####.# #...# #.#
#.#####...########### #.#
#..h@h............... #.#
#..hl################ #.#
#....#
#.#####....################
#.)...#......).............
#####.#...###......########
#.#...# #......# # #.#...#
#......# # #^#...# #......#


You could see an iguana, a hound and 2 jackals.

Vanquished Creatures
  Jessica (D:3)
  A worker ant (D:3)
  6 adders
  A gnoll (D:1)
  A dart slug (D:2)
  3 leopard geckos
  2 orcs
  2 ball pythons
  A giant cockroach (D:2)
  7 goblins
  2 hobgoblins (D:2)
  6 jackals
  A quokka (D:3)
  8 bats
  A frilled lizard (D:3)
  8 kobolds
  2 rats
53 creatures vanquished.

Vanquished Creatures (collateral kills)
  An orc (D:2)
1 creature vanquished.

Grand Total: 54 creatures vanquished

Notes
Turn   | Place    | Note
-------+----------+-------------------------------------------
     0 | D:1      | radhat240 the Demonspawn Chaos Knight began the quest for
                  | the Orb.
     0 | D:1      | Reached XP level 1. HP: 18/18 MP: 1/1
   133 | D:1      | XOM: silly message
   146 | D:1      | Reached skill level 1 in Dodging
   180 | D:1      | Gained mutation: You are immune to miasma. [demonic
                  | ancestry]
   180 | D:1      | Reached XP level 2. HP: 18/24 MP: 2/2
   491 | D:1      | XOM: silly message
   492 | D:1      | You fall into a shaft and drop 1 floor!
   492 | D:2      | XOM: stealth player
   509 | D:2      | XOM: silly message
   629 | D:2      | Gained mutation: You regenerate a little health from kills.
                  | [demonic ancestry]
   629 | D:2      | Reached XP level 3. HP: 23/29 MP: 3/3
   827 | D:2      | XOM: cast spell 'Summon Ice Beast'
  1365 | D:2      | Gained mutation: You have sharp fingernails. [demonic
                  | ancestry]
  1365 | D:2      | Reached XP level 4. HP: 37/37 MP: 4/4
  1875 | D:3      | Found a faded altar of an unknown god.
  1886 | D:3      | Noticed Jessica
  1894 | D:3      | Killed Jessica
  2104 | D:3      | Reached XP level 5. HP: 42/42 MP: 5/5
  2147 | D:3      | XOM: silly message
  2497 | D:4      | XOM: potion effect (brilliance)
  2499 | D:4      | XOM: noise
  2509 | D:3      | XOM: enchant monster (bad)
  2511 | D:3      | XOM: noise
  2512 | D:3      | XOM: polymorph ooze -> iguana
  2513 | D:3      | Reached skill level 4 in Fighting
  2514 | D:3      | HP: 2/42 [poisoned by a worker ant]
  2514 | D:3      | Slain by a jackal

Illustrated notes

Levels and vault maps discovered:
D:1:      psy_arrival_dodecagon, layout_rooms
D:2:      layout_basic, corexii_shack, grunt_ministairs_15
D:3:      layout_basic, chequers_ecumenical_altar_simple, uniq_jessica
D:4:      layout_basic, vehumet_altar_wand_db, uniq_crazy_yiuf_cottage

Skill      XL: |  1  2  3  4  5 |
---------------+----------------+-----
Polearms       | 3 |  3.6
Dodging        | 1 2 |  2.3
Armour         | 2 |  2.8
Fighting       | 4 |  4.0

Action                   |  1- 3 |  4- 6 || total
-------------------------+-------+-------++-------
Melee: Spear             |   115 |    78 ||   193
  Use: Scroll            |     4 |     3 ||     7
       Potion            |     2 |     3 ||     5
 Stab: Paralysed         |     1 |       ||     1
       Sleeping          |     1 |     1 ||     2
Armor: Leather armour    |    69 |    46 ||   115
       Skin              |    19 |       ||    19
Dodge: Dodged            |    73 |    69 ||   142
